 Dungeon Crawl Stone Soup version 0.23.0 (webtiles) character file.

Game seed: 9591386606421582412

573981 LostNumber the Slayer (level 27, -10/169 HPs)
             Began as a Vine Stalker Berserker on Feb 9, 2019.
             Was a High Priest of Trog.
             Killed by drain life
             ... invoked by a deathcap
             ... summoned by a curse toe
              (16 damage)
             ... on level 1 of the Realm of Zot on Feb 10, 2019.
             The game lasted 02:15:37 (49226 turns).

LostNumber the Slayer (Vine Stalker Berserker)     Turns: 49226, Time: 02:15:38

Health: -10/169    AC: 46    Str: 36    XL:     27
Magic:  0/33       EV: 24    Int:  4    God:    Trog [*****.]
Gold:   6282       SH: 24    Dex: 28    Spells: 38/38 levels left

rFire    + + +     SeeInvis +   I - +9 dagger "Vine Stalker's Peril" {pierce, rF+++ Str+3 Int-5}
rCold    + + .     Gourm    .   V - +2 shield of Resistance {rF+ rC+ MR+}
rNeg     . . .     Faith    .   A - +9 crystal plate armour of Ydinawn {*Drain rPois rF- Dex+8 Stlth+}
rPois    +         Spirit   +   T - +3 crown of Dyrovepreva {rElec Int+2 SInv}
rElec    +         Reflect  +   Y - scarf {repulsion}
rCorr    .         Harm     .   N - +2 pair of gloves {Dex+3}
MR       +++++                  z - +2 pair of boots {run}
Stlth    ..........             O - +5 amulet of reflection
HPRegen  2.18/turn              g - ring of Bunk {rElec rF+ rC+ Str+5 Stlth+}
MPRegen  0.23/turn              a - ring of Phasing {EV+8}

@: berserk cooldown, regenerating, hasted and slowed, repel missiles, quick
A: fangs 3, clumsy 1, regeneration 2, magic shield, antimagic bite, no potion
heal 3, rot immunity
}: 3/15 runes: barnacled, silver, gossamer
a: Berserk, Trog's Hand, Brothers in Arms, Renounce Religion


You were on level 1 of the Realm of Zot.
You worshipped Trog.
Trog was extremely pleased with you.
You were not hungry.

You visited 9 branches of the dungeon, and saw 45 of its levels.
You visited 1 bazaar.

You collected 7512 gold pieces.
You spent 1230 gold pieces at shops.

Inventory:

Hand Weapons
 I - the +9 dagger "Vine Stalker's Peril" (weapon) {pierce, rF+++ Str+3 Int-5}
   (You took it off a tengu reaver on level 5 of the Vaults)

   It inflicts extra damage upon your enemies.
   It affects your strength (+3).
   It affects your intelligence (-5).
   It renders you almost immune to fire.
Missiles
 K - 12 throwing nets (quivered) {!f}
Armour
 z - a +2 pair of boots of running (worn)
   (You bought it in a shop on level 13 of the Dungeon)
 A - the +9 crystal plate armour of Ydinawn (worn) {*Drain rPois rF- Dex+8 Stlth+}
   (You acquired it on level 2 of the Spider Nest)

   It affects your dexterity (+8).
   It makes you vulnerable to fire.
   It protects you from poison.
   It causes draining when unequipped.
   It makes you more stealthy.
 N - a +2 pair of gloves of dexterity (worn)
   (You found it on level 3 of the Depths)
 T - the +3 crown of Dyrovepreva (worn) {rElec Int+2 SInv}
   (You found it on level 3 of the Vaults)

   It affects your intelligence (+2).
   It insulates you from electricity.
   It lets you see invisible.
 V - the +2 shield of Resistance (worn) {rF+ rC+ MR+}
   (You found it on level 3 of the Depths)

   It protects you from fire.
   It protects you from cold.
   It affects your resistance to hostile enchantments.
 Y - a scarf of repulsion (worn)
   (You found it on level 10 of the Dungeon)
Jewellery
 a - the ring of Phasing (right hand) {EV+8}
   (You took it off a centaur warrior on level 9 of the Dungeon)

   [ring of evasion]

   It affects your evasion (+8).
 g - the ring of Bunk (left hand) {rElec rF+ rC+ Str+5 Stlth+}
   (You took it off a crimson imp on level 9 of the Dungeon)

   [ring of protection from fire]

   It affects your strength (+5).
   It protects you from fire.
   It protects you from cold.
   It insulates you from electricity.
   It makes you more stealthy.
 J - the ring of Wugokk {-Tele rPois rN+ Int+5 SInv}
   (You found it on level 3 of the Elven Halls)

   [ring of intelligence]

   It affects your intelligence (+5).
   It protects you from poison.
   It protects you from negative energy.
   It lets you see invisible.
   It prevents most forms of teleportation.
 O - a +5 amulet of reflection (around neck)
   (You took it off a deep elf death mage on level 3 of the Elven Halls)
Wands
 c - a wand of disintegration (31)
   (You found it on level 10 of the Dungeon)
 d - a wand of iceblast (38)
   (You found it on level 5 of the Dungeon)
 u - a wand of paralysis (74)
   (You found it on level 1 of the Lair of Beasts)
 v - a wand of digging (10)
   (You found it on level 11 of the Dungeon)
 x - a wand of acid (23)
   (You found it on level 3 of the Dungeon)
 S - a wand of polymorph (8)
   (You took it off a deep elf mage on level 1 of the Vaults)
Scrolls
 f - 31 scrolls of remove curse {@r2}
 l - 2 scrolls of fear
 q - 8 scrolls of magic mapping
 r - 28 scrolls of teleportation {@r4}
 t - 3 scrolls of vulnerability {!r}
 w - 6 scrolls of blinking
 y - 4 scrolls of fog
 B - 2 scrolls of holy word
 F - 7 scrolls of immolation {!r}
 P - 3 scrolls of identify {@r1}
 X - 3 scrolls of silence
Potions
 h - 9 potions of lignification {!q}
 j - 9 potions of flight
 m - 5 potions of haste {@q3}
 n - 5 potions of might
 C - 21 potions of curing {@q1}
 D - 3 potions of resistance
 E - 4 potions of magic
 G - 5 potions of mutation {!q}
 H - 2 potions of cancellation
 M - 9 potions of ambrosia
 Q - 9 potions of agility
 R - 2 potions of invisibility
Miscellaneous
 o - 5 sacks of spiders
 L - 2 phantom mirrors
Comestibles
 e - 56 rations {!d}


   Skills:
 * Level 25.2 Fighting
 - Level 14.0 Short Blades
 + Level 19.8 Armour
 - Level 10.0 Dodging
 - Level 15.0 Shields
 - Level 6.0 Spellcasting
 + Level 11.4 Evocations


You had 38 spell levels left.
You didn't know any spells.
Your spell library was empty.

Dungeon Overview and Level Annotations

Branches:
Dungeon (15/15)            Temple (0/1) D:7            Lair (6/6) D:10
 Shoals (4/4) Lair:2       Spider (4/4) Lair:2        Slime (0/5) Lair:5
    Orc (2/2) D:9             Elf (3/3) Orc:2        Vaults (5/5) D:14
  Crypt (0/3) Vaults:3     Depths (5/5) D:15            Zot (1/5) Depths:5

Altars:
Ashenzari
Cheibriados
Gozag
Kikubaaqudgha
Okawaru
Vehumet
Xom
Beogh

Shops:
D:4 *   D:7 [   D:8 (   D:13 [   Orc:2 ?[**:(   Vaults:1 %

Portals:
Hell: Depths:1 Depths:2 Depths:3 Depths:4 Depths:5
Abyss: Depths:4 Depths:5
Pandemonium: Depths:3 Depths:4 Depths:5
Ziggurat: Depths:1

Annotations:
Lair:3 exclusions: ice statue and 2 oklob plants
Depths:1 exclusions: eye of devastation, 2 floating eyes and 1 more exclusion


Innate Abilities, Weirdness & Mutations

You have razor-sharp teeth.
You heal very quickly.
When hurt, damage is shared between your health and your magic reserves.
Your bite disrupts and absorbs the magic of your enemies.
Potions cannot restore your health.
You are immune to rotting.
You are clumsy. (Dex -2)


Message History

The red draconian knight convulses!
The quicksilver dragon convulses!
Your body is wracked with pain!
* * * LOW HITPOINT WARNING * * *
The storm dragon convulses!
The black draconian convulses!
The moth of wrath convulses!
The red draconian convulses!
The quicksilver dragon convulses!
The moth of wrath convulses!
The storm dragon convulses! x3; The moth of wrath convulses! x2
The red draconian scorcher convulses!
The shadow dragon convulses!
The purple draconian convulses!
The red draconian completely misses you.
You block the storm dragon's attack.
The storm dragon claws you but does no damage.
The storm dragon barely misses you.
Unknown command.
Your blink will be uncontrolled - continue anyway?
The Orb prevents control of your translocation!
You blink.
As you read the scroll of blinking, it crumbles to dust.
The storm dragon rages.
You block the quicksilver dragon's attack.
The quicksilver dragon completely misses you.
The deathcap draws from the surrounding life force!
* * * LOW HITPOINT WARNING * * *
The deathcap is healed.
As you read the scroll of summoning, it crumbles to dust.
Wisps of shadow whirl around you...
The death cob closely misses your death cob.
The quicksilver dragon bites your death cob!!
The quicksilver dragon claws your death cob!!
The death cob closely misses you.
You block the quicksilver dragon's attack.
The quicksilver dragon barely misses you.
The death cob hits your death cob but does no damage.
The quicksilver dragon closely misses your death cob.
The quicksilver dragon claws your death cob!!
The red draconian knight hits you but does no damage.
You block the death cob's attack.
The black draconian is engulfed in dark miasma.
The black draconian is poisoned.
You block the quicksilver dragon's attack.
The quicksilver dragon completely misses you.
The tentacled monstrosity tentacle-slaps your death cob but does no damage.
The tentacled monstrosity misses your death cob.
The tentacled monstrosity barely misses your death cob.
The tentacled monstrosity grabs your death cob.
The tentacled monstrosity constricts your death cob.
Your death cob is destroyed!
The storm dragon rages.
The deathcap draws from the surrounding life force!
You die...

.........8.....
......8..f..8..
#........⌠.f...
#..............
#.d8Dq.8.⌠.8.
##DD.Xf.y.....
.#.§Dfzdy>.....
........zD8qzy..8..
.......DdzD@y8..../
......#...z^d......
.^.⌠..###....d....#
...### #...###..##
... #.d.. ... ..
###### ##


You could see a shadow dragon (berserk), a tentacled monstrosity, a red
draconian knight (invisible), 4 storm dragons, a black draconian (berserk), a
purple draconian (berserk), a red draconian (berserk), a curse toe, 4 death
cobs, 2 quicksilver dragons, a red draconian scorcher, 2 deathcaps, 4 moths of
wrath, 2 wandering mushrooms, a friendly green draconian, a friendly purple
draconian and a friendly white draconian.

Vanquished Creatures
  A juggernaut (Depths:3)
  Boris (Depths:3)
  3 caustic shrikes (Depths:3)
  the Enchantress (Depths:2)
  A bone dragon (Depths:5)
  Arachne (Spider:2)
  12 tentacled monstrosities
  Asterion (Depths:1)
  6 liches
  2 quicksilver dragons (Vaults:5)
  3 deep elf blademasters (Elf:3)
  7 titans
  3 deep elf master archers (Elf:3)
  A kraken (Shoals:2)
  4 sphinxes
  2 storm dragons
  An ancient champion (Vaults:3)
  Agnes (D:15)
  6 shadow dragons
  6 tengu reavers
  12 fire giants
  10 frost giants
  12 deep elf sorcerers
  4 iron dragons
  2 juggernaut zombies (Depths:3)
  7 ghost moths
  22 vault wardens
  A draconian knight (Depths:5)
  6 deep elf elementalists
  2 orc warlords
  10 emperor scorpions
  11 spriggan defenders
  4 entropy weavers
  9 very ugly things
  A war gargoyle (Vaults:5)
  14 ironheart preservers
  4 vampire knights
  A black draconian (Depths:5)
  13 stone giants
  10 deep elf annihilators
  A green draconian (Depths:5)
  5 deep elf demonologists
  A purple draconian (Depths:5)
  A red draconian (Depths:5)
  A minotaur (shapeshifter) (Vaults:4)
  4 spark wasps
  13 ettins
  A blizzard demon (Depths:4)
  7 deep elf death magi
  A crystal guardian (Vaults:2)
  5 merfolk impalers
  16 yaktaur captains
  A jiangshi (Depths:3)
  5 merfolk javelineers
  15 fire dragons
  3 deep elf high priests
  Josephine (D:12)
  11 great orbs of eyes
  10 spriggan air magi
  5 rakshasas
  5 merfolk avatars
  11 hydras
  32 vault guards
  31 two-headed ogres
  15 ice dragons
  3 alligator snapping turtles
  25 dancing weapons
  11 ogre magi
  A satyr (Shoals:4)
  8 centaur warriors
  5 death knights
  8 spriggan berserkers
  13 deep troll shamans
  3 merfolk aquamancers
  An orc high priest (Orc:2)
  7 deep troll earth magi
  3 vampire magi
  6 death yaks
  4 tengu warriors
  A shock serpent (shapeshifter) (Vaults:4)
  The ghost of btonasse the Slicer, a journeyman VSBe of Trog (D:10)
  24 deep elf knights
  27 orb spiders
  16 spriggans
  2 storm dragon zombies
  2 hell knights (Depths:3)
  A shadow wraith (Vaults:4)
  2 iron trolls
  3 glowing orange brains
  24 skeletal warriors
  A torturous demonspawn (Depths:4)
  4 unseen horrors
  3 spriggan druids (Depths:2)
  6 sea snakes
  11 wizards
  20 deep elf archers
  A golden dragon skeleton (Depths:4)
  A wolf spider zombie (D:15)
  3 flayed ghosts
  20 deep trolls
  24 orc knights
  A lindwurm (shapeshifter) (Depths:5)
  A lindwurm (Lair:6)
  5 harpies
  6 necromancers
  24 ironbrand convokers
  An iron dragon zombie (Depths:4)
  8 phantasmal warriors
  8 cyclopes
  2 shadow dragon skeletons
  77 deep elf magi
  An orb spider (shapeshifter) (Vaults:4)
  54 ugly things
  35 wolf spiders
  16 fauns
  A cyclops (shapeshifter) (Depths:3)
  10 manticores
  3 orc sorcerers
  A sphinx skeleton (Depths:4)
  A frost giant zombie (Vaults:3)
  A fire giant zombie (D:15)
  5 moths of wrath
  A black mamba (shapeshifter) (Depths:3)
  7 merfolk sirens
  12 elephants
  2 black mambas
  A guardian serpent (shapeshifter) (Depths:3)
  4 water nymphs
  15 vault sentinels
  A naga mage (Vaults:3)
  A frost giant skeleton (Depths:4)
  9 torpor snails
  6 spiny frogs
  A gargoyle (D:15)
  A spiny frog (shapeshifter) (Depths:3)
  A yaktaur zombie (D:15)
  7 komodo dragons
  19 demonic crawlers
  2 kobold demonologists (D:15)
  2 tengu conjurers
  11 freezing wraiths
  31 yaktaurs
  An ice devil (Depths:4)
  9 rime drakes
  4 elf skeletons (Depths:4)
  A troll (shapeshifter) (Vaults:5)
  6 meliai (Spider:3)
  41 jumping spiders
  19 merfolk
  2 polar bears
  2 harpy zombies (D:15)
  5 trolls
  6 large abominations
  2 tyrant leeches (Lair:6)
  A shadow dragon simulacrum (Depths:4)
  A jumping spider (shapeshifter) (Depths:4)
  25 hornets
  16 slime creatures
  A wind drake (shapeshifter) (Depths:3)
  5 wind drakes
  Prince Ribbit (D:5)
  A blink frog (shapeshifter) (Depths:3)
  7 blink frogs
  Grinder (D:4)
  10 dream sheep
  26 hippogriffs
  2 frost giant simulacra
  13 snapping turtles
  A flying skull (Vaults:3)
  Sigmund (D:2)
  84 redbacks
  An ettin skeleton (Vaults:5)
  13 water elementals
  An elf zombie (Depths:4)
  A yak (shapeshifter) (D:13)
  4 shadows
  11 wraiths
  A spriggan simulacrum (Depths:4)
  30 tarantellas
  8 wyverns
  9 basilisks
  A tarantella (shapeshifter) (Vaults:5)
  A fire bat (shapeshifter) (Depths:2)
  4 fire elementals
  A human (shapeshifter) (Depths:3)
  28 yaks
  A neqoxec (Depths:4)
  A vampire mosquito (D:9)
  A chaos spawn (Depths:4)
  3 steam dragons
  A steam dragon (shapeshifter) (Vaults:5)
  5 wargs
  3 hungry ghosts
  A hell hound (Lair:6)
  3 acid dragons
  A soldier ant (D:9)
  A water moccasin (shapeshifter) (Elf:3)
  10 water moccasins
  A naga (shapeshifter) (Vaults:4)
  Duvessa (D:7)
  A soldier ant (shapeshifter) (Depths:2)
  9 porcupines
  2 floating eyes
  2 swamp drakes (Lair:6)
  A black bear (Lair:1)
  5 sky beasts
  10 ice beasts
  3 black bears (shapeshifter)
  39 orc warriors
  8 small abominations
  5 phantoms
  21 ogres
  An ogre (shapeshifter) (Depths:3)
  2 necrophages
  9 crocodiles
  15 boggarts
  A crocodile (shapeshifter) (Depths:2)
  21 centaurs
  2 big kobolds
  21 bullfrogs
  A water moccasin zombie (D:9)
  A wyvern skeleton (D:9)
  Dowan (D:7)
  6 scorpions
  6 wights
  3 electric eels
  2 bullfrog zombies
  4 centaur zombies
  9 howler monkeys
  8 crimson imps
  3 quasits
  6 jellies
  3 hounds
  2 human simulacra
  14 orc wizards
  4 centaur skeletons
  11 orc priests
  8 iguanas
  Jessica (D:2)
  5 bullfrog skeletons
  Terence (D:2)
  Natasha (thrice) (D:4)
  3 hell rats (Lair:6)
  9 worker ants
  A hound skeleton (D:6)
  A killer bee simulacrum (D:9)
  2 worker ant zombies
  4 gnolls (D:7)
  13 adders
  5 shadow imps
  9 white imps
  2 adder skeletons
  An adder zombie (D:5)
  2 worms
  2 dart slugs
  6 leopard geckos
  72 orcs
  3 giant cockroaches
  9 goblins
  8 hobgoblins
  9 jackals
  5 quokkas
  3 bats
  6 frilled lizards
  A giant cockroach zombie (D:3)
  3 jackal skeletons (D:3)
  6 kobolds
  A leopard gecko zombie (D:3)
  A quokka skeleton (D:8)
  7 rats
  A plant (Lair:6)
  4 tentacles (Shoals:2)
2029 creatures vanquished.

Vanquished Creatures (collateral kills)
  2 merfolk javelineers (Shoals:4)
  A fire dragon (Lair:6)
  A centaur warrior (D:9)
  A swamp dragon (Lair:6)
  An orb spider (Spider:1)
  6 ugly things
  A fire giant zombie (D:15)
  6 elephants (Lair:6)
  A frost giant skeleton (D:15)
  A freezing wraith (D:9)
  A guardian mummy (D:15)
  2 tyrant leeches (Lair:6)
  7 dream sheep (Lair:6)
  3 blink frogs (Lair:6)
  A snapping turtle (Shoals:4)
  2 basilisks (Lair:6)
  A steam dragon (D:9)
  A boggart (D:9)
  2 hell rats (Lair:6)
  A worker ant (D:9)
  An orc (D:9)
  A jackal zombie (D:9)
44 creatures vanquished.

Vanquished Creatures (others)
  A lich (Depths:3)
  A draconian knight (Depths:5)
  An ogre mage (Depths:3)
  A necromancer (Vaults:5)
  2 deep elf magi
  2 orb spiders
  A demonic crawler (Spider:1)
  A yaktaur (Vaults:5)
  2 redbacks (Spider:4)
  A swamp drake (Lair:6)
  2 boggarts
  An orc wizard (D:13)
  2 bushes (Lair:6)
  13 fungi
  29 plants
  3 tentacles (Shoals:2)
  4 withered plants (D:15)
67 creatures vanquished.

Grand Total: 2140 creatures vanquished

Notes
Turn   | Place    | Note
-------+----------+-------------------------------------------
     0 | D:1      | LostNumber the Vine Stalker Berserker began the quest for
                  | the Orb.
     0 | D:1      | Reached XP level 1. HP: 11/11 MP: 2/2
   409 | D:1      | Reached XP level 2. HP: 11/16 MP: 1/3
  1024 | D:1      | Reached XP level 3. HP: 19/19 MP: 4/4
  1284 | D:2      | Noticed Jessica
  1316 | D:2      | Killed Jessica
  1316 | D:2      | Reached skill level 3 in Fighting
  1492 | D:2      | Noticed Sigmund
  1503 | D:2      | Killed Sigmund
  1503 | D:2      | Gained mutation: Your natural rate of healing is unusually
                  | fast. [Vine Stalker growth]
  1503 | D:2      | Reached XP level 4. HP: 24/24 MP: 5/5
  1503 | D:2      | Reached XP level 5. HP: 28/28 MP: 6/6
  1556 | D:2      | Noticed Terence
  1562 | D:2      | Killed Terence
  1562 | D:2      | Reached ** piety under Trog
  1562 | D:2      | Reached XP level 6. HP: 32/32 MP: 7/7
  2677 | D:4      | Noticed Grinder
  2686 | D:4      | Killed Grinder
  2686 | D:4      | Reached skill level 4 in Fighting
  2686 | D:4      | Reached skill level 5 in Short Blades
  2686 | D:4      | Reached XP level 7. HP: 37/37 MP: 8/8
  2921 | D:4      | Found Qiejikh's Assorted Antiques.
  2934 | D:4      | Noticed Natasha
  2947 | D:4      | Killed Natasha
  2980 | D:4      | You fall through a shaft!
  2980 | D:5      | Entered Level 5 of the Dungeon
  2989 | D:5      | Found a snail-covered altar of Cheibriados.
  3019 | D:5      | Noticed Prince Ribbit
  3032 | D:5      | Killed Prince Ribbit
  3032 | D:5      | Reached *** piety under Trog
  3038 | D:5      | Gained mutation: You have razor-sharp teeth. [Vine Stalker
                  | growth]
  3038 | D:5      | Reached XP level 8. HP: 20/42 MP: 4/9
  3236 | D:5      | Got a colourful robe
  3254 | D:5      | Identified the +0 robe of Polish {rElec rPois rC+ MR-} (You
                  | found it on level 5 of the Dungeon)
  3589 | D:5      | Reached skill level 5 in Fighting
  3766 | D:4      | Noticed Natasha
  3774 | D:4      | Killed Natasha
  3805 | D:4      | Noticed Natasha
  3813 | D:4      | Killed Natasha
  3930 | D:4      | Found an opulent altar of Gozag.
  4159 | D:6      | Reached XP level 9. HP: 32/47 MP: 8/10
  4325 | D:6      | Reached **** piety under Trog
  4856 | D:7      | Noticed Dowan
  4857 | D:7      | Found a staircase to the Ecumenical Temple.
  4857 | D:7      | Noticed Duvessa
  4860 | D:7      | Killed Dowan
  4871 | D:7      | Killed Duvessa
  4871 | D:7      | Reached skill level 6 in Fighting
  5011 | D:7      | Reached skill level 5 in Dodging
  5037 | D:7      | Reached skill level 5 in Armour
  5657 | D:7      | Found Cheibriados's Comfort Zone.
  5659 | D:7      | Found a snail-covered altar of Cheibriados.
  5723 | D:8      | Reached skill level 1 in Evocations
  5825 | D:8      | Reached skill level 7 in Fighting
  5825 | D:8      | Reached XP level 10. HP: 49/55 MP: 12/12
  5870 | D:8      | Noticed a two-headed ogre
  5875 | D:8      | Noticed a two-headed ogre
  5885 | D:8      | Killed a two-headed ogre
  5892 | D:8      | Killed a two-headed ogre
  5892 | D:8      | Reached skill level 8 in Fighting
  5914 | D:8      | Reached ***** piety under Trog
  6113 | D:8      | Found Meessi's Weapon Boutique.
  6449 | D:9      | Reached skill level 10 in Short Blades
  6622 | D:9      | Found a staircase to the Orcish Mines.
  6700 | D:9      | Reached skill level 9 in Fighting
  6753 | D:9      | Reached XP level 11. HP: 62/62 MP: 15/15
  6849 | D:9      | Noticed a red ugly thing
  6855 | D:9      | Killed a red ugly thing
  6866 | D:9      | Noticed a centaur warrior
  6868 | D:9      | Killed a centaur warrior
  7221 | D:9      | Noticed a six-headed hydra
  7230 | D:9      | Killed a six-headed hydra
  7230 | D:9      | Reached skill level 5 in Evocations
  7232 | D:9      | Reached skill level 10 in Fighting
  7250 | D:9      | Identified Ygadima's Disquisition on Dislocated Earth
  7263 | D:9      | Identified the +8 dagger of Wondrous Power {elec, *Corrode
                  | Str+2 Int+5 SInv}
  7263 | D:9      | Identified the ring of Bunk {rElec rF+ rC+ Str+5 Stlth+}
  7277 | D:9      | Got a brightly glowing trident
  7362 | D:10     | Entered Level 10 of the Dungeon
  7389 | D:10     | Noticed a two-headed ogre
  7399 | D:10     | Killed a two-headed ogre
  7542 | D:10     | Found a staircase to the Lair.
  7727 | D:10     | Reached skill level 1 in Shields
  7972 | D:10     | Found a runed translucent door.
  7972 | D:10     | Noticed btonasse's ghost (journeyman VSBe)
  7972 | D:10     | Noticed a cyclops
  8063 | Lair:1   | Entered Level 1 of the Lair of Beasts
  9006 | Lair:2   | Noticed a six-headed hydra
  9013 | Lair:2   | Killed a six-headed hydra
  9015 | Lair:2   | Gained mutation: You heal very quickly. [Vine Stalker
                  | growth]
  9015 | Lair:2   | Reached XP level 12. HP: 69/69 MP: 17/17
  9062 | Lair:2   | Noticed a five-headed hydra
  9067 | Lair:2   | Killed a five-headed hydra
  9067 | Lair:2   | Reached skill level 11 in Fighting
  9190 | Lair:2   | Found a staircase to the Shoals.
  9229 | Lair:2   | Received a gift from Trog
  9432 | Lair:2   | Found a hole to the Spider Nest.
  9967 | Lair:3   | Noticed a six-headed hydra
  9983 | Lair:3   | Killed a six-headed hydra
  9997 | Lair:3   | Noticed a seven-headed hydra
 10134 | Lair:3   | Killed a seven-headed hydra
 10773 | Lair:4   | Noticed a death yak
 10773 | Lair:4   | Noticed a death yak
 10775 | Lair:4   | Noticed a death yak
 10775 | Lair:4   | Noticed a death yak
 10819 | Lair:3   | Reached skill level 12 in Fighting
 10828 | Lair:3   | Killed a death yak
 10850 | Lair:4   | Killed a death yak
 10850 | Lair:4   | Reached XP level 13. HP: 75/75 MP: 17/19
 10865 | Lair:4   | Reached skill level 5 in Shields
 11879 | Lair:5   | Got a shadowed robe
 12063 | Lair:5   | Reached ****** piety under Trog
 12205 | Lair:5   | Found a staircase to the Slime Pits.
 12575 | Lair:6   | Entered Level 6 of the Lair of Beasts
 12750 | Lair:6   | Reached skill level 13 in Fighting
 12753 | Lair:6   | Reached XP level 14. HP: 82/82 MP: 21/21
 12762 | Lair:6   | Received a gift from Trog
 12982 | Lair:6   | Found a shattered altar of Ashenzari.
 13423 | Lair:6   | Found a runed translucent door.
 13478 | Lair:6   | Paralysed by a hornet for 1 turns
 13812 | Lair:6   | Reached skill level 10 in Evocations
 15001 | D:10     | Killed btonasse's ghost
 15273 | D:11     | Received a gift from Trog
 15449 | D:11     | Reached XP level 15. HP: 47/87 MP: 16/23
 15522 | D:11     | Got a transparent amber ring
 15906 | D:12     | Noticed Josephine
 15929 | D:12     | Killed Josephine
 15976 | D:12     | Reached skill level 14 in Fighting
 16584 | D:12     | Identified the ring of Qitrerir {rElec rN+ MR++ Str+2
                  | Int-3} (You found it on level 11 of the Dungeon)
 16845 | D:13     | Received a gift from Trog
 17338 | D:13     | Found Xakeokao's Armour Shoppe.
 17346 | D:13     | Bought a +0 pair of boots of running for 472 gold pieces
 17795 | D:14     | Found a shimmering altar of Xom.
 17901 | D:14     | Reached skill level 10 in Shields
 17937 | D:14     | Found a gate to the Vaults.
 18472 | D:15     | Entered Level 15 of the Dungeon
 18495 | D:15     | Received a gift from Trog
 18504 | D:15     | Noticed Agnes
 18561 | D:15     | Killed Agnes
 18859 | D:15     | Found a staircase to the Depths.
 18887 | D:15     | Reached XP level 16. HP: 65/93 MP: 19/24
 19022 | D:15     | Identified the +5 mace of the Candle {antimagic, Int+4
                  | Dex+5}
 19853 | Orc:1    | Entered Level 1 of the Orcish Mines
 19868 | Orc:1    | Found a roughly hewn altar of Beogh.
 20091 | Orc:2    | Entered Level 2 of the Orcish Mines
 20102 | Orc:2    | Found Puffau Fyro's Antique Weapon Shoppe.
 20268 | Orc:2    | Found Vago's Book Boutique.
 20677 | Orc:2    | Found Votie's General Store.
 20679 | Orc:2    | Found Weus's Antique Armour Shoppe.
 20833 | Orc:2    | Bought a crude helmet for 275 gold pieces
 20833 | Orc:2    | Bought a translucent chain mail for 275 gold pieces
 20838 | Orc:2    | Identified the +2 helmet of Starshine {rC+ Dex+2 Slay-4
                  | Stlth+} (You bought it in a shop on level 2 of the Orcish
                  | Mines)
 20856 | Orc:2    | Identified the +4 chain mail "Fauruzea" {rElec} (You bought
                  | it in a shop on level 2 of the Orcish Mines)
 20956 | Orc:2    | Found Uklot's Magic Scroll Emporium.
 20990 | Orc:2    | Bought a scroll of blinking for 82 gold pieces
 20990 | Orc:2    | Bought a scroll of enchant weapon for 82 gold pieces
 21008 | Orc:2    | Found Ugiurali's Assorted Antiques.
 21016 | Orc:2    | Bought a wand of paralysis (7) for 44 gold pieces
 21054 | Orc:2    | Found a staircase to the Elven Halls.
 21316 | Spider:1 | Entered Level 1 of the Spider Nest
 21370 | Shoals:1 | Entered Level 1 of the Shoals
 21537 | Shoals:1 | Received a gift from Trog
 22274 | Shoals:2 | Noticed a kraken
 22289 | Shoals:2 | Killed a kraken
 22349 | Shoals:2 | Got a jewelled flail
 22364 | Shoals:2 | Reached skill level 15 in Fighting
 22818 | Shoals:2 | Received a gift from Trog
 23004 | Shoals:2 | Reached XP level 17. HP: 99/99 MP: 25/25
 23751 | Shoals:4 | Entered Level 4 of the Shoals
 24445 | Shoals:4 | Received a gift from Trog
 24618 | Shoals:4 | Got a barnacled rune of Zot
 25147 | Vaults:1 | Entered Level 1 of the Vaults
 25217 | Vaults:1 | HP: 7/148 [poisoned by a wolf spider]
 25537 | Spider:1 | Received a gift from Trog
 25767 | Spider:1 | Got a sheer robe
 26382 | Spider:1 | Reached XP level 18. HP: 105/105 MP: 26/26
 26767 | Spider:2 | Received a gift from Trog
 26986 | Spider:2 | Identified a scroll of acquirement
 26990 | Spider:2 | Reached XP level 19. HP: 109/109 MP: 27/27
 26992 | Spider:2 | Got a scorched crystal plate armour
 27003 | Spider:2 | Identified the +9 crystal plate armour of Ydinawn {*Drain
                  | rPois rF- Dex+8 Stlth+} (You acquired it on level 2 of the
                  | Spider Nest)
 27048 | Spider:2 | Reached skill level 16 in Fighting
 27482 | Spider:3 | Noticed Arachne
 27542 | Spider:2 | Killed Arachne
 27542 | Spider:2 | Reached skill level 15 in Shields
 27747 | Spider:3 | Reached skill level 10 in Dodging
 27761 | Spider:3 | Reached skill level 10 in Armour
 28201 | Spider:4 | Entered Level 4 of the Spider Nest
 28245 | Spider:4 | Received a gift from Trog
 29100 | Spider:4 | Reached XP level 20. HP: 116/116 MP: 28/28
 29128 | Spider:4 | Reached skill level 17 in Fighting
 29137 | Spider:4 | Received a gift from Trog
 29237 | Spider:4 | Got a gossamer rune of Zot
 29587 | Vaults:1 | Found Masole's Food Shoppe.
 30252 | Vaults:1 | Received a gift from Trog
 31209 | Vaults:2 | Reached skill level 18 in Fighting
 31441 | Vaults:2 | Received a gift from Trog
 31726 | Vaults:2 | Reached XP level 21. HP: 119/123 MP: 29/29
 31733 | Vaults:2 | Received a gift from Trog
 32967 | Vaults:3 | Found the +2 hat of the Bear Spirit {Spirit, +Rage rN+
                  | MR++}
 32985 | Vaults:3 | Found a radiant altar of Vehumet.
 32986 | Vaults:3 | Found the +3 crown of Dyrovepreva {rElec Int+2 SInv}
 33038 | Vaults:3 | Got a shadowed robe
 33141 | Vaults:3 | Found a staircase to the Crypt.
 33387 | Vaults:3 | Found an ancient bone altar of Kikubaaqudgha.
 33410 | Vaults:3 | Reached skill level 19 in Fighting
 33465 | Vaults:3 | Received a gift from Trog
 34088 | Vaults:4 | Got a slimy arbalest
 34090 | Vaults:4 | Got a scorched arbalest
 34364 | Vaults:4 | Reached XP level 22. HP: 131/131 MP: 30/30
 34603 | Vaults:4 | Found a radiant altar of Vehumet.
 34671 | Vaults:4 | Received a gift from Trog
 34839 | Vaults:4 | Reached skill level 15 in Armour
 35151 | Depths:1 | Entered Level 1 of the Depths
 35164 | Depths:1 | Noticed Asterion
 35270 | Depths:1 | Killed Asterion
 35505 | Depths:1 | Found a gateway to a ziggurat.
 35506 | Depths:1 | Paralysed by a floating eye for 4 turns
 35670 | Depths:1 | Found a gateway to Hell.
 35726 | Depths:1 | Reached skill level 20 in Fighting
 35815 | Depths:1 | Received a gift from Trog
 36426 | Depths:2 | Identified the +3 faerie dragon scales {*Slow rCorr Str+6
                  | Slay+5}
 36426 | Depths:2 | Noticed the Enchantress
 36450 | Depths:2 | Killed the Enchantress
 37045 | Depths:2 | Reached XP level 23. HP: 89/138 MP: 31/31
 37451 | Depths:2 | Received a gift from Trog
 38307 | Depths:3 | Reached skill level 21 in Fighting
 38528 | Depths:3 | Found the +2 shield of Resistance {rF+ rC+ MR+}
 38682 | Depths:3 | Received a gift from Trog
 39008 | Depths:3 | Noticed a caustic shrike
 39015 | Depths:3 | Noticed a caustic shrike
 39017 | Depths:3 | Killed a caustic shrike
 39033 | Depths:3 | Killed a caustic shrike
 39196 | Depths:3 | Found a one-way gate leading to the halls of Pandemonium.
 39236 | Depths:3 | Noticed Boris
 39289 | Depths:3 | Killed Boris
 39344 | Depths:3 | Found the +8 whip "Snakebite" {curare, rPois}
 39346 | Depths:3 | Noticed a caustic shrike
 39396 | Depths:3 | Killed a caustic shrike
 39401 | Depths:3 | Received a gift from Trog
 39402 | Depths:3 | Noticed a juggernaut
 39402 | Depths:3 | Identified the +10 war axe of Makhleb {flame, rC+ Dex+2}
 39427 | Depths:3 | Killed a juggernaut
 39427 | Depths:3 | Reached XP level 24. HP: 147/147 MP: 31/31
 39958 | Depths:4 | Paralysed by a floating eye for 4 turns
 39978 | Depths:4 | Paralysed by a floating eye for 4 turns
 39992 | Depths:4 | Paralysed by a floating eye for 2 turns
 39998 | Depths:4 | Paralysed by a floating eye for 4 turns
 40047 | Depths:4 | Reached skill level 22 in Fighting
 40065 | Depths:4 | Found a one-way gate to the infinite horrors of the Abyss.
 40152 | Depths:4 | Found an iron altar of Okawaru.
 40271 | Depths:4 | Received a gift from Trog
 40306 | Depths:4 | Gained mutation: You are clumsy. (Dex -2) [a neqoxec]
 41024 | Depths:5 | Entered Level 5 of the Depths
 41697 | Depths:5 | Received a gift from Trog
 41720 | Depths:5 | Found a gate to the Realm of Zot.
 42373 | Elf:1    | Entered Level 1 of the Elven Halls
 42397 | Elf:1    | Reached skill level 23 in Fighting
 42417 | Elf:1    | Reached XP level 25. HP: 154/154 MP: 31/31
 42597 | Elf:1    | Received a gift from Trog
 43136 | Elf:1    | Found a gateway to a bazaar.
 43180 | Bazaar   | Entered a bazaar
 43180 | Bazaar   | Found Couxt's Antique Armour Shop.
 43180 | Bazaar   | Found Cigop's General Store.
 43227 | Bazaar   | Found Suarauff's Antique Weapon Shop.
 43506 | Elf:2    | Received a gift from Trog
 43583 | Elf:2    | Found a huge runed translucent gate.
 43583 | Elf:2    | Found a huge runed translucent gate.
 43584 | Elf:2    | Found a huge runed translucent gate.
 43585 | Elf:2    | Found a huge runed translucent gate.
 43590 | Elf:2    | Found a huge runed translucent gate.
 44326 | Elf:2    | Received a gift from Trog
 44329 | Elf:2    | Got a warped flail {god gift}
 44565 | Elf:3    | Entered Level 3 of the Elven Halls
 45126 | Elf:3    | Reached skill level 1 in Spellcasting
 45188 | Elf:3    | Received a gift from Trog
 45326 | Elf:3    | Reached skill level 24 in Fighting
 45361 | Elf:3    | Identified the +5 whip of the Sage {freeze, MR++ Int-2}
 45450 | Elf:3    | Got a transparent pewter ring
 45461 | Elf:3    | Got a blackened shortbow
 45463 | Elf:3    | Identified the ring of Wugokk {-Tele rPois rN+ Int+5 SInv}
                  | (You found it on level 3 of the Elven Halls)
 45516 | Elf:3    | Identified the Catalogue of the Snowflakes and Conjuration
 45547 | Elf:3    | Found the +6 shillelagh "Devastator" {shatter}
 46266 | Vaults:5 | Entered Level 5 of the Vaults
 46508 | Vaults:4 | Reached XP level 26. HP: 161/161 MP: 31/31
 46584 | Vaults:5 | Reached skill level 5 in Spellcasting
 46931 | Vaults:5 | Received a gift from Trog
 47038 | Vaults:5 | Identified the +10 flail of Offence {antimagic, rF- rC+
                  | Str+4 Dex+6}
 47038 | Vaults:5 | Identified the amulet "Ybushron" {Harm *Drain rC- Str+5
                  | Dex+4}
 47527 | Vaults:4 | Received a gift from Trog
 47857 | Vaults:5 | Reached skill level 25 in Fighting
 47889 | Vaults:5 | Identified the +9 dagger "Vine Stalker's Peril" {pierce,
                  | rF+++ Str+3 Int-5}
 48111 | Vaults:5 | Got a slimy quick blade {god gift}
 48123 | Vaults:5 | Identified the +5 quick blade of Patterns {pierce, rF- rN+
                  | Dex+3} (Trog gifted it to you on level 5 of the Vaults)
 48166 | Vaults:5 | Received a gift from Trog
 48377 | Vaults:5 | Got a distressingly furry cloak
 48378 | Vaults:5 | Identified the +1 cloak of the Townfolk {rN++ Slay-4 SInv}
                  | (You found it on level 5 of the Vaults)
 48417 | Vaults:5 | Got a silver rune of Zot
 49112 | Zot:1    | Entered Level 1 of the Realm of Zot
 49207 | Zot:1    | Reached XP level 27. HP: 169/169 MP: 33/33
 49224 | Zot:1    | HP: 7/169 [??? (2)]
 49226 | Zot:1    | Killed from afar by a deathcap

Skill      XL: |  1  2  3  4  5  6  7  8  9 10 11 12 13 14 15 16 17 18 19 20 21 22 23 24 25 26 |
---------------+-------------------------------------------------------------------------------+-----
Short Blades   | 3 4 5 7 8 10 11 12 14 | 14.0
Fighting       | 3 4 5 7 9 10 12 13 14 15 16 18 19 20 21 23 24 25 | 25.2
Armour         | 2 3 4 5 7 8 9 11 13 14 16 17 18 19 | 19.8
Dodging        | 2 3 4 5 7 8 9 10 | 10.0
Evocations     | 1 4 6 7 8 10 11 | 11.4
Shields        | 2 4 6 9 11 12 14 15 | 15.0
Spellcasting   | 4 6 |  6.0

Action                   |  1- 3 |  4- 6 |  7- 9 | 10-12 | 13-15 | 16-18 | 19-21 | 22-24 | 25-27 || total
-------------------------+-------+-------+-------+-------+-------+-------+-------+-------+-------++-------
Melee: Short sword       |    71 |   121 |   241 |       |       |       |       |       |       ||   433
       Bite              |    14 |    42 |   106 |   232 |   639 |   751 |  1330 |  1505 |   986 ||  5605
       Dagger            |       |       |   124 |   544 |  1207 |  1500 |  2052 |  2259 |  1506 ||  9192
Invok: Berserk           |     2 |     2 |     5 |    10 |     8 |     9 |     2 |     7 |     2 ||    47
       Brothers in Arms  |       |       |       |     2 |     4 |     3 |       |       |     2 ||    11
       Trog's Hand       |       |       |       |     1 |     3 |     2 |     2 |     1 |     3 ||    12
Evoke: Wand              |       |       |       |       |       |     9 |     4 |       |       ||    13
  Use: Scroll            |       |       |       |    15 |    13 |     8 |     5 |     2 |    14 ||    57
       Potion            |       |       |       |     1 |       |     1 |       |     1 |     2 ||     5
 Stab: Sleeping          |     1 |       |       |       |       |       |       |       |       ||     1
       Distracted        |       |       |       |       |     1 |     2 |       |     1 |       ||     4
       Held in net/web   |       |       |       |       |       |       |     2 |       |       ||     2
  Eat: Chunk             |     2 |     6 |    18 |    20 |    30 |    30 |    23 |    33 |    12 ||   174
       Ration            |       |       |       |     4 |     2 |     2 |     1 |       |     4 ||    13
Armor: Animal skin       |     7 |       |       |       |       |       |       |       |       ||     7
       Chain mail        |       |    55 |   157 |   139 |   208 |   241 |       |       |       ||   800
       Crystal plate arm |       |       |       |       |       |       |   415 |   517 |   479 ||  1411
Dodge: Dodged            |    41 |    43 |   150 |   291 |   576 |   713 |   869 |   923 |   778 ||  4384
       Deflected         |       |       |       |     4 |     8 |    24 |    31 |    30 |    34 ||   131
Block: Shield            |       |       |       |       |   207 |   842 |  1255 |  1011 |  1381 ||  4696
       Buckler           |       |       |       |       |       |       |       |   120 |       ||   120
       Reflection        |       |       |       |       |       |       |       |       |    39 ||    39
